 Dungeon Crawl Stone Soup version 0.21.0-22-g11d5b52 (webtiles) character file.

1549 pstr the Digger (level 8, -9/63 HPs)
             Began as a Naga Earth Elementalist on Jan 18, 2018.
             Was a Believer of Qazlal.
             Mangled by an orc warrior
             ... wielding a +0 flail
              (18 damage)
             ... on level 6 of the Dungeon.
             The game lasted 00:16:14 (6205 turns).

pstr the Digger (Naga Earth Elementalist)           Turns: 6205, Time: 00:16:15

Health: -9/63      AC:  5    Str: 10    XL:     8   Next: 87%
Magic:  0/17       EV: 10    Int: 19    God:    Qazlal [**....]
Gold:   292        SH:  3    Dex: 11    Spells: 10/19 levels left

rFire    . . .     SeeInvis +   n - +2 quarterstaff (chaos)
rCold    . . .     Gourm    .   (shield currently unavailable)
rNeg     . . .     Faith    .   j - +0 leather armour
rPois    +         Spirit   .   (no helmet)
rElec    .         Reflect  .   o - +0 cloak
rCorr    .         Harm     .   (no gloves)
MR       +....                  (no barding)
Stlth    ++........             (no amulet)
HPRegen  0.20/turn              p - ring of see invisible
MPRegen  0.15/turn              z - ring of wizardry

@: very slow
A: large, see invisible, deformed body, poison resistance, slowness 2, slow
metabolism 1, spit poison 1, AC +2
a: Spit Poison, Upheaval, Renounce Religion


You were on level 6 of the Dungeon.
You worshipped Qazlal.
Qazlal was pleased with you.
You were hungry.

You visited 1 branch of the dungeon, and saw 6 of its levels.
You also visited: Sewer.

You collected 382 gold pieces.
You spent 90 gold pieces at shops.

Inventory:

Hand Weapons
 l - a +0 short sword
 n - a +2 quarterstaff of chaos (weapon)
 v - a +0 long sword
 E - a +3 rapier
Missiles
 b - 99 stones (quivered)
 k - 77 arrows
Armour
 c - a +0 robe
 j - a +0 leather armour (worn)
 o - a +0 cloak (worn)
 G - a scarf of spirit shield
Jewellery
 p - a ring of see invisible (left hand)
 z - a ring of wizardry (right hand)
 D - the ring of Shadows {Umbra +Inv Stlth+}
   (You found it on level 5 of the Dungeon)

   [ring of stealth]

   It lets you turn invisible.
   It makes you more stealthy.
Wands
 u - a wand of acid (9)
 y - a wand of polymorph (12)
 F - a wand of random effects (21)
Scrolls
 f - 7 scrolls of identify {unknown}
 g - 2 scrolls of amnesia {unknown}
 r - 2 scrolls of enchant armour
 A - a scroll of magic mapping {unknown}
 B - a scroll of enchant weapon {unknown}
 C - a scroll of immolation {unknown}
Potions
 a - 3 potions of cancellation {unknown}
 h - a potion of lignification {unknown}
 m - 3 potions of curing
 q - a potion of magic {unknown}
 s - a potion of might {unknown}
 t - 2 potions of heal wounds {unknown}
 w - 3 potions of flight {unknown}
 x - a potion of brilliance {unknown}
 H - a potion of ambrosia {unknown}
Books
 e - a book of Geomancy

   Spells                             Type                      Level
   a - Sandblast                      Earth                        1
   b - Passwall                       Transmutation/Earth          2
   c - Stone Arrow                    Conjuration/Earth            3
   d - Petrify                        Transmutation/Earth          4
   e - Lee's Rapid Deconstruction     Earth                        5
 i - a book of Transfigurations

   Spells                             Type                      Level
   a - Irradiate                      Conjuration/Transmutation    5
   b - Statue Form                    Transmutation/Earth          6
   c - Hydra Form                     Transmutation                6
   d - Dragon Form                    Transmutation                7
Comestibles
 d - 7 rations


   Skills:
 + Level 0.7 Fighting
 + Level 0.5 Staves
 + Level 0.8 Armour
 + Level 2.3 Dodging
 + Level 5.0 Stealth
 + Level 6.4 Spellcasting
 + Level 4.3 Conjurations
   Level 1.0 Transmutations
 + Level 6.5 Earth Magic


You had 10 spell levels left.
You knew the following spells:

 Your Spells              Type           Power        Failure   Level  Hunger
a - Sandblast             Erth           ####..       1%          1    None
b - Stone Arrow           Conj/Erth      ####..       1%          3    ##.....
c - Lee's Rapid Deconstr  Erth           ####......   11%         5    #####..


Dungeon Overview and Level Annotations

Branches:
Dungeon (6/15)             Temple (0/1) D:4

Altars:
Qazlal
Yredelemnul

Shops:
D:4 *   D:5 =


Innate Abilities, Weirdness & Mutations

You cannot wear boots.
Your serpentine skin is tough. (AC +2)
You have supernaturally acute eyesight. (SInv)
Armour fits poorly on your strangely shaped body.
Your system is resistant to poisons. (rPois)
You cover ground very slowly.
You have a slow metabolism.
You can spit poison.


Message History

* * * LOW HITPOINT WARNING * * *
Casting: Sandblast
Confirm with . or Enter, or press ? or * to list all spells.
Aiming: Sandblast
Press: ? - help, Shift-Dir - straight line, f/p - orc warrior
Aim: an orc warrior, wielding a flail and wearing a glowing chain mail The blast of sand hits the orc warrior.
The orc warrior is lightly wounded.
b - 99 stones The orc warrior hits you but does no damage.
Evoke which item? (* to show all) (? for menu, Esc to quit)
Aiming: Corrosive Bolt
Press: ? - help, Shift-Dir - straight line, f/p - orc warrior
Aim: an orc warrior, wielding a flail and wearing a glowing chain mail (lightly wounded)
The bolt of acid misses the orc warrior.
The orc wizard mumbles some strange words.
The orc wizard blinks!
The orc warrior hits you with a flail!
* * * LOW HITPOINT WARNING * * *
You feel better. The orc warrior hits you with a flail!!
You die...

##.#####.#..##
#. #<#.# #
#.#†# #.#.#
#.#.# #.#.#
#.#o# #.#o#
#.#@#
#......(.....#
#.#..o.#####.#
##.... ....#
....## ##..#
.##


You could see an orc warrior, an orc priest and an orc wizard.

Vanquished Creatures
  Grinder (D:4)
  The ghost of Gruud the Grave Robber, an amateur DsNe (D:4)
  An ice beast (D:5)
  A sky beast (D:5)
  An ogre (D:6)
  A big kobold (Sewer)
  2 scorpions
  A howler monkey (D:5)
  A jelly (D:5)
  A gnoll shaman (D:4)
  3 hounds
  2 orc wizards
  4 orc priests
  Crazy Yiuf (D:2)
  An iguana (D:5)
  A worker ant (D:4)
  A hound zombie (D:6)
  A hound skeleton (D:4)
  5 gnolls (D:4)
  10 adders
  3 river rats (Sewer)
  An ooze (D:4)
  3 adder skeletons
  A worm (D:5)
  3 dart slugs
  7 leopard geckos
  14 orcs
  3 ball pythons
  2 giant cockroaches
  7 goblins
  8 hobgoblins
  7 jackals
  2 quokkas (D:2)
  8 bats
  7 frilled lizards
  7 kobolds
  7 rats
130 creatures vanquished.

Vanquished Creatures (others)
  A water moccasin skeleton (D:4)
1 creature vanquished.

Grand Total: 131 creatures vanquished

Notes
Turn   | Place    | Note
-------+----------+-------------------------------------------
     0 | D:1      | pstr the Naga Earth Elementalist began the quest for the Orb.
     0 | D:1      | Reached XP level 1. HP: 15/15 MP: 3/3
    99 | D:1      | Reached XP level 2. HP: 22/22 MP: 0/5
   691 | D:1      | Reached XP level 3. HP: 25/28 MP: 4/6
   696 | D:1      | Learned a level 3 spell: Stone Arrow
  1263 | D:2      | Reached XP level 4. HP: 36/36 MP: 1/8
  1661 | D:2      | Found a runed door.
  1770 | D:2      | Noticed Crazy Yiuf
  1773 | D:2      | Killed Crazy Yiuf
  1969 | D:2      | Reached XP level 5. HP: 42/42 MP: 1/9
  2561 | D:3      | Reached skill level 1 in Conjurations
  2708 | D:3      | Found a faded altar of an unknown god.
  2752 | D:3      | Became a worshipper of Qazlal Stormbringer
  2752 | D:3      | Reached * piety under Qazlal
  3095 | D:4      | Noticed Gruud's ghost (amateur DsNe)
  3099 | D:4      | Killed Gruud's ghost
  3099 | D:4      | Reached skill level 5 in Stealth
  3099 | D:4      | Reached XP level 6. HP: 45/49 MP: 3/11
  3406 | D:4      | Reached XP level 7. HP: 56/56 MP: 6/13
  3788 | D:4      | Reached skill level 5 in Earth Magic
  3988 | D:4      | Noticed Grinder
  3991 | D:4      | Killed Grinder
  3991 | D:4      | Reached skill level 5 in Spellcasting
  4072 | D:4      | Found a staircase to the Ecumenical Temple.
  4159 | D:4      | Reached XP level 8. HP: 15/63 MP: 0/16
  4553 | D:4      | Found Satos's General Store.
  4563 | D:4      | Bought a scroll of enchant armour for 90 gold pieces
  4818 | D:4      | Learned a level 5 spell: Lee's Rapid Deconstruction
  4848 | D:5      | Entered Level 5 of the Dungeon
  4848 | D:5      | Found Tiulo's Jewellery Boutique.
  4884 | D:5      | Reached ** piety under Qazlal
  5043 | D:5      | Found a glowing drain.
  5111 | Sewer    | Entered a sewer
  5447 | Sewer    | Found a glowing silver altar of Zin.
  5545 | D:5      | Found the ring of Shadows {Umbra +Inv Stlth+}
  5769 | D:5      | Found a basalt altar of Yredelemnul.
  6204 | D:6      | HP: 2/63 [orc warrior/flail (16)]
  6205 | D:6      | Mangled by an orc warrior

Skill      XL: |  1  2  3  4  5  6  7  8 |
---------------+-------------------------+-----
Spellcasting   | 3 4 5 6 |  6.4
Stealth        | 4 5 |  5.0
Earth Magic    | 4 5 6 |  6.5
Conjurations   | 1 2 4 |  4.3
Dodging        | 2 |  2.3
Fighting       | |  0.7
Staves         | |  0.5
Armour         | |  0.8
Transmutations | |  1.0

Action                   |  1- 3 |  4- 6 |  7- 9 || total
-------------------------+-------+-------+-------++-------
Melee: Unarmed           |     2 |       |       ||     2
       Quarterstaff      |       |     5 |     5 ||    10
 Cast: Sandblast         |    33 |    28 |    46 ||   107
       Stone Arrow       |    10 |    30 |    66 ||   106
 Abil: Spit Poison       |     4 |    10 |    13 ||    27
Evoke: Wand              |       |       |     1 ||     1
  Use: Potion            |       |       |     4 ||     4
  Eat: Chunk             |     2 |     9 |    10 ||    21
Armor: Robe              |    10 |     6 |     5 ||    21
       Leather armour    |       |       |    20 ||    20
Dodge: Dodged            |    16 |    20 |    42 ||    78
Block: Other             |       |       |     5 ||     5
